Map: Base du roi Sejong EC

Players

Worming

  • Race: Zerg Zerg
  • League: Diamond

NLmaTY - Winner!

  • Race: Protoss Protoss
  • League: Diamond

VOD

Have the link to the VOD?

Description

Time

  • Played on: Aug. 15, 2016, 1:46 p.m.
  • Length: 11:51
Show
View Real Time Build Order
Export as new Build Order

Worming Zerg 

Build Orders: Hatch First 

Get SALT Encoding   

  12  0:01  Drone  
  13  0:12  Overlord  
  13  0:17  Drone  
  14  0:30  Drone  
  14  0:31  Drone  
  14  0:35  Drone  
  17  0:53  Hatchery  
  17  0:57  Drone  
  17  1:00  Drone  
  18  1:12  Spawning Pool  
  18  1:15  Drone  
  18  1:18  Extractor  
  17  1:20  Drone  
  18  1:28  Drone  
  19  1:40  Overlord  
  19  1:54  Drone  
  19  1:58  Queen  
  22  2:02  Zergling x2  
  22  2:05  Queen  
  22  2:06  Zergling x2  
  26  2:16  Drone x2  
  28  2:23  Metabolic Boost  
  28  2:24  Drone  
  29  2:31  Drone  
  29  2:36  Queen  
  32  2:38  Overlord  
  32  2:41  Drone  
  33  2:55  Zergling x4  
  35  3:08  Drone x3  
  38  3:19  Hatchery  
  37  3:22  Drone x5  
  42  3:29  Evolution Chamber  
  41  3:39  Evolution Chamber  
  40  3:44  Drone x4  
  40  3:46  Overlord  
  44  3:55  Overlord  
  44  3:56  Overlord  
  44  3:59  Zerg Melee Weapons Level 1  
  44  4:08  Zerg Ground Armor Level 1  
  44  4:12  Drone x6  
  44  4:13  Drone  
  51  4:23  Extractor  
  50  4:32  Drone  
  50  4:33  Drone x2  
  50  4:34  Roach Warren  
  50  4:36  Drone x2, Extractor  
  50  4:37  Drone, Overlord  
  54  4:43  Lair  
  54  4:47  Overlord x2  
  54  4:56  Drone  
  54  4:58  Zergling x10  
  60  5:07  Zergling x10  
  65  5:16  Zergling x10  
  65  5:17  Zergling x2  
  71  5:25  Roach x3  
  77  5:33  Queen  
  77  5:34  Overlord  
  77  5:35  Roach x2  
  83  5:37  Roach x3  
  78  5:50  Roach x5  
  78  5:51  Roach  
  81  6:00  Zergling x10  
  86  6:06  Ravager  
  83  6:21  Glial Reconstitution  
  83  6:22  Zerg Melee Weapons Level 2  
  81  6:27  Drone  
  81  6:28  Drone x2  
  81  6:29  Drone x2  
  81  6:30  Drone x2  
  79  6:45  Extractor  
  79  6:46  Drone x3  
  79  6:47  Drone x11  
  90  6:55  Zergling x6  
  93  7:03  Spore Crawler, Extractor  
  93  7:07  Drone x2  
  93  7:08  Drone  
  92  7:27  Zerg Ground Armor Level 2  
  92  7:28  Drone x2  
  92  7:29  Drone x2  
  96  7:30  Drone x2  
  96  7:31  Overlord x2  
  96  7:33  Extractor  
  88  7:55  Roach  
  88  7:56  Zergling x8, Roach x6  
  83  8:21  Zergling x2  
  83  8:22  Zergling x16  
  83  8:24  Hatchery  
  91  8:27  Drone, Spire  
  91  8:30  Infestation Pit, Hatchery  
  91  8:32  Pneumatized Carapace  
  89  8:40  Zerg Missile Weapons Level 1  
  89  8:48  Drone  
  89  8:49  Drone  
  82  9:23  Drone x6  
  82  9:32  Zergling x2  
  82  9:33  Zergling x10, Roach x7  
  96  9:52  Roach x8  
  110  9:54  Hive  
  108  10:05  Drone x4  
  96  10:20  Drone  
  97  10:22  Drone x7  
  104  10:31  Queen  
  104  10:32  Queen  
  110  10:42  Roach  
  110  10:43  Zergling x2, Roach x3  
  110  10:44  Overlord x3  
  114  10:56  Drone x2  
  113  10:57  Drone x3  
  113  10:58  Spore Crawler  
  115  11:24  Zergling x4  
  115  11:25  Ultralisk Cavern, Zergling x12, Roach x4  
Show
View Real Time Build Order
Export as new Build Order

NLmaTY Protoss - Winner!

Build Orders: 1 Gate Expand 

Get SALT Encoding   

  12  0:03  Probe (Chrono Boost)  
  13  0:13  Probe (Chrono Boost)  
  14  0:20  Pylon  
  14  0:24  Probe (Chrono Boost)  
  15  0:38  Probe (Chrono Boost)  
  15  0:39  Gateway  
  16  0:45  Assimilator  
  16  0:49  Probe (Chrono Boost)  
  17  0:59  Probe (Chrono Boost)  
  18  1:10  Probe (Chrono Boost)  
  19  1:20  Probe (Chrono Boost)  
  20  1:29  Nexus  
  20  1:36  Cybernetics Core  
  20  1:39  Probe (Chrono Boost)  
  21  1:49  Probe (Chrono Boost)  
  21  1:53  Assimilator  
  22  1:54  Pylon  
  22  2:00  Probe (Chrono Boost)  
  23  2:09  Warp Gate, Adept  
  25  2:21  Probe (Chrono Boost)  
  26  2:31  Pylon  
  26  2:33  Probe (Chrono Boost), Adept  
  29  2:41  Mothership Core (Chrono Boost)  
  32  2:45  Probe (Chrono Boost)  
  32  2:49  Twilight Council  
  32  2:57  Adept  
  32  3:00  Probe x2 (Chrono Boost)  
  36  3:13  Resonating Glaives  
  36  3:16  Gateway  
  36  3:18  Gateway  
  36  3:22  Probe (Chrono Boost)  
  36  3:23  Probe (Chrono Boost)  
  39  3:35  Probe (Chrono Boost)  
  39  3:36  Probe (Chrono Boost)  
  40  3:42  Pylon  
  40  3:47  Probe (Chrono Boost)  
  40  3:48  Probe (Chrono Boost)  
  42  3:49  Robotics Facility  
  42  3:59  Probe (Chrono Boost)  
  42  4:00  Probe (Chrono Boost)  
  42  4:02  Pylon  
  44  4:13  Pylon  
  44  4:19  Probe x2 (Chrono Boost), Adept x2  
  44  4:20  Adept  
  52  4:31  Probe x2 (Chrono Boost)  
  54  4:37  Warp Prism  
  54  4:42  Stalker  
  58  4:52  Adept x2  
  60  4:59  Blink  
  62  5:04  Nexus, Forge  
  62  5:07  Pylon  
  62  5:12  Probe x2 (Chrono Boost)  
  64  5:14  Adept x2  
  68  5:28  Assimilator  
  68  5:30  Assimilator  
  68  5:31  Pylon  
  68  5:39  Probe x2 (Chrono Boost)  
  68  5:40  Protoss Ground Weapons Level 1  
  70  5:47  Adept x3  
  72  5:51  Probe x2 (Chrono Boost)  
  66  6:05  Immortal  
  60  6:45  Sentry x3  
  60  6:46  Probe (Chrono Boost)  
  64  6:47  Photon Cannon  
  64  6:48  Probe (Chrono Boost), Pylon  
  64  6:49  Immortal  
  64  6:53  Gateway  
  64  6:55  Gateway  
  64  6:56  Gateway  
  64  6:58  Pylon  
  64  6:59  Pylon  
  68  7:01  Pylon  
  68  7:02  Gateway  
  68  7:04  Gateway  
  68  7:07  Pylon  
  68  7:10  Stalker x3  
  74  7:17  Probe (Chrono Boost)  
  74  7:18  Probe (Chrono Boost)  
  74  7:19  Probe (Chrono Boost)  
  77  7:23  Pylon  
  77  7:27  Probe (Chrono Boost)  
  78  7:30  Probe (Chrono Boost)  
  76  7:45  Stalker x3  
  74  7:57  Immortal, Stalker x2  
  74  8:14  Adept x2  
  74  8:15  Adept x2  
  82  8:30  Protoss Ground Weapons Level 2  
  82  8:31  Immortal  
  82  8:37  Sentry x2  
  82  8:38  Stalker x2  
  94  8:41  Probe (Chrono Boost)  
  94  8:43  Probe x2 (Chrono Boost)  
  94  8:45  Pylon  
  94  8:46  Pylon  
  97  8:52  Probe (Chrono Boost)  
  100  8:55  Probe x2 (Chrono Boost)  
  100  9:00  Adept x4  
  109  9:02  Probe (Chrono Boost)  
  109  9:05  Adept x3  
  109  9:06  Adept  
  109  9:07  Probe (Chrono Boost)  
  108  9:30  Adept  
  108  9:31  Adept x6  
  116  9:32  Adept  
  122  9:50  Stargate  
  114  9:53  Adept x6  
  114  9:54  Adept x2  
  120  10:09  Photon Cannon  
  120  10:11  Pylon  
  112  10:20  Immortal  
  112  10:21  Stalker x5  
  106  10:22  Stalker x2  
  120  10:31  Probe (Chrono Boost)  
  120  10:33  Probe x2 (Chrono Boost)  
  120  10:35  Assimilator  
  123  10:37  Assimilator  
  123  10:41  Probe (Chrono Boost)  
  124  10:45  Probe (Chrono Boost)  
  125  10:57  Observer  
  125  10:59  Stalker x2  
  125  11:00  Stalker x4  
  138  11:21  Stalker x2  
  134  11:38  Adept x5  
  134  11:39  Adept  
Tags
 
Add a new tag
Caveats
  • Supply blocks, unpowered buildings, or Contaminate may cause inaccurate times.
  • Supply counts are checked every 10 seconds.